 Dungeon Crawl Stone Soup version 0.28.0-47-ge53b351184 (webtiles) character file.

Game seed: 5718816098478460189

176 GigaChad the Covered (level 5, 0/42 HPs)
             Began as a Minotaur Fighter on May 2, 2022.
             Was a Priest of Hepliaklqana.
             Succumbed to a water moccasin's poison
             ... on level 7 of the Dungeon.
             The game lasted 00:12:01 (2845 turns).

GigaChad the Covered (Minotaur Fighter)             Turns: 2845, Time: 00:12:01

Health: 0/42       AC:  9    Str: 21    XL:     5   Next: 30%
Magic:  4/4        EV:  7    Int:  5    God:    Hepliaklqana [***...]
Gold:   197        SH:  5    Dex: 11    Spells: 4/4 levels left

rFire   . . .      SeeInvis .   a - +0 long sword
rCold   . . .      Faith    .   c - +0 buckler
rNeg    . . .      Spirit   .   p - +0 chain mail
rPois   .          Reflect  .   (helmet restricted)
rElec   .          Harm     .   (no cloak)
rCorr   .          Rampage  .   (no gloves)
Will    .....                   (no boots)
Stlth   ..........              (no amulet)
HPRegen 0.14/turn               g - ring of wizardry
MPRegen 0.09/turn               (no ring)

@: lethally poisoned (0 -> -21)
A: reduced essence, horns 2, retaliatory headbutt
a: Renounce Religion, Recall Ancestor, Ancestor Identity, Transference


You were on level 7 of the Dungeon.
You worshipped Hepliaklqana.
Hepliaklqana was most pleased with you.
You visited 1 branch of the dungeon, and saw 5 of its levels.

You collected 197 gold pieces.

Inventory:

Hand Weapons
 a - a +0 long sword (weapon)
 m - a +0 rapier
Armour
 b - a +0 scale mail
 c - a +0 buckler (worn)
 p - a +0 chain mail (worn)
Jewellery
 g - a ring of wizardry (left hand)
Scrolls
 f - a scroll of fog {unknown}
 h - a scroll of teleportation {unknown}
 j - a scroll of magic mapping {unknown}
 n - a scroll of amnesia {unknown}
 o - a scroll of enchant armour {unknown}
 q - a scroll of enchant weapon {unknown}
 r - a scroll of silence {unknown}
Potions
 d - a potion of might
 e - 3 potions of haste {unknown}
 i - 3 potions of degeneration {unknown}
 k - a potion of curing {unknown}
 l - a potion of resistance {unknown}


   Skills:
 + Level 4.4 Fighting
 + Level 4.0 Long Blades
 + Level 5.0 Armour
 + Level 1.1 Dodging
 + Level 4.5 Shields


You had 4 spell levels left.
You didn't know any spells.
Your spell library contained the following spells:

 Spells                   Type           Power      Damage    Failure   Level
 Static Discharge         Conj/Air       0%         N/A       97%         2
 Dispel Undead            Necr           0%         3d6       100%        4
 Sticky Flame             Conj/Fire      0%         2d3       100%        4


Dungeon Overview and Level Annotations

Branches:
Dungeon (4/15)
 Temple: D:4-7

Altars:
Hepliaklqana
The Shining One

Shops:
D:3 *[*


Innate Abilities, Weirdness & Mutations

Your life essence is reduced to manifest your ancestor. (-10% HP)
You have a pair of horns on your head.
You reflexively headbutt those who attack you in melee.


Message History

The water moccasin bites you! The water moccasin bites you.
You hit the water moccasin but do no damage.
Your headbutt misses the water moccasin.
The water moccasin is moderately wounded.
The water moccasin bites you but does no damage.
The water moccasin bites you.
You closely miss the water moccasin.
Your headbutt misses the water moccasin.
The water moccasin is moderately wounded.
The water moccasin bites you but does no damage.
The water moccasin barely misses you.
You barely miss the water moccasin.
The water moccasin is moderately wounded.
The water moccasin bites you.
You are poisoned.
The water moccasin poisons you!
You hit the water moccasin.
The water moccasin is moderately wounded.
You feel very sick.
The water moccasin completely misses you.
The water moccasin barely misses you.
You slash the water moccasin!
Your headbutt misses the water moccasin.
The water moccasin is severely wounded.
You feel very sick. The water moccasin bites you.
* * * LOW HITPOINT WARNING * * *
You are lethally poisoned!
The water moccasin poisons you!
The water moccasin bites you but does no damage.
You hit the water moccasin.
Your headbutt misses the water moccasin.
The water moccasin is severely wounded.
* * * LOW HITPOINT WARNING * * *
You feel very sick.
The water moccasin bites you but does no damage. x2
You miss the water moccasin.
Your headbutt misses the water moccasin.
The water moccasin is severely wounded.
You die...

..##...
<......
...... .....
#...
#...########
#..(.....[..
#.S@#
#..$.......
##..##..##.
#.## .... ..
##. ... ##.
#.


You could see a water moccasin.

Vanquished Creatures
  An orc priest (D:3)
  An orc wizard (D:3)
  4 adders
  A worm (D:3)
  2 dart slugs (D:2)
  2 orcs (D:3)
  3 ball pythons (D:1)
  An endoplasm (D:1)
  3 giant cockroaches (D:1)
  8 goblins
  6 hobgoblins
  6 jackals
  4 kobolds
  7 quokkas
  2 bats (D:1)
  A frilled lizard (D:2)
  2 rats
54 creatures vanquished.

Vanquished Creatures (collateral kills)
  A worm (D:4)
  A dart slug (D:1)
  An orc (D:3)
  3 ball pythons
  A giant cockroach (D:3)
  A goblin (D:2)
  2 hobgoblins
  A jackal (D:2)
  A quokka (D:2)
  A bat (D:1)
13 creatures vanquished.

Vanquished Creatures (others)
  An ancestor (D:1)
  7 plants (D:3)
8 creatures vanquished.

Grand Total: 75 creatures vanquished

Notes
Turn   | Place    | Note
-------+----------+-------------------------------------------
     0 | D:1      | GigaChad the Minotaur Fighter began the quest for the Orb.
     0 | D:1      | Reached XP level 1. HP: 19/19 MP: 0/0
   483 | D:1      | Reached XP level 2. HP: 27/27 MP: 1/1
   507 | D:1      | Found a faded altar of an unknown god.
   547 | D:1      | Prayed at the altar of an unknown god.
   547 | D:1      | Became a worshipper of Hepliaklqana the Forgotten
   547 | D:1      | Reached * piety under Hepliaklqana
   701 | D:1      | Reached skill level 4 in Armour
   798 | D:1      | Reached XP level 3. HP: 21/29 MP: 2/2
  1364 | D:2      | Reached ** piety under Hepliaklqana
  1465 | D:2      | Remembered your ancestor Nozipho as a knight
  1562 | D:2      | Reached XP level 4. HP: 36/36 MP: 3/3
  2164 | D:3      | Found Ohoanemn's Assorted Antiques.
  2182 | D:3      | Found a glowing golden altar of the Shining One.
  2304 | D:3      | Found Cidiwanu's Armour Boutique.
  2340 | D:3      | Found Lexku Tonu's General Store.
  2485 | D:3      | Reached *** piety under Hepliaklqana
  2539 | D:3      | Reached skill level 1 in Dodging
  2539 | D:3      | Reached XP level 5. HP: 31/42 MP: 4/4
  2551 | D:3      | Reached skill level 5 in Armour
  2836 | D:4      | You fall into a shaft and drop 3 floors!
  2836 | D:7      | Noticed a water moccasin
  2845 | D:7      | Succumbed to a water moccasin's poison

Illustrated notes

Levels and vault maps discovered:
D:1:      tarquinn_simple_flora_water_b, layout_basic,
          hellmonk_ecumenical_altar_lost_god
D:2:      layout_loops_cross, kennysheep_boxes
D:3:      layout_loops_ring, tso_oasis_becter, serial_shops, shop,
          nicolae_shop_statue_plus, nicolae_shop_trees, shop_fountains,
          serial_bayou, serial_bayou_pond_b, serial_bayou_pond_d,
          serial_bayou_lagoon_b, serial_bayou_pond_a, serial_bayou_ford_a
D:4:      layout_basic, grunt_gozag_breadcrumbs, wad_floor_pattern_untrapped,
          uniq_robin
D:7:      layout_loops_ring, hangedman_abyss_or_decor_stagger, uniq_pikel

Skill      XL: |  1  2  3  4  5 |
---------------+----------------+-----
Fighting       | 4 |  4.4
Armour         | 4 5 |  5.0
Shields        | 4 |  4.5
Long Blades    | 3 4 |  4.0
Dodging        | 1 |  1.1

Action                   |  1- 3 |  4- 6 || total
-------------------------+-------+-------++-------
Melee: Long sword        |    91 |    53 ||   144
       Headbutt          |     7 |    13 ||    20
Invok: Ancestor Life: Kn |     1 |       ||     1
       Ancestor Identity |     1 |       ||     1
Armor: Scale mail        |    52 |     4 ||    56
       Chain mail        |       |    20 ||    20
Dodge: Dodged            |    39 |    24 ||    63
Block: Buckler           |    28 |     8 ||    36
